AoeStats
← alexmavrovic

Arena

510625700Analyzed
2v2 RM · 2d ago on Oct 1, 2026· 48m 14s· 4 players
Game mode
Random Map
Map size
Medium (4 player)
Population
200
Speed
Normal
Resources
Standard
Victory
Conquest
Starting age
Dark Age
Ending age
Imperial Age
RankedLock teamsTeams togetherTeam positionsShared explorationLock speedFull tech treeHidden civsTurbo modeCheats
Victory
Defeat
🇨🇦 Celts · Canada
1109
+17
🇹🇷 Malians · Türkiye
1078
+18
🇹🇷 Vietnamese · Türkiye
1135
-18
🇹🇷 Varangians · Türkiye
1120
-17
aksoy14537540
12:39 Feudal Age
13:28 Double-Bit Axe
16:53 Castle Age
15:05 Horse Collar
17:44 Wheelbarrow
17:03 Gold Mining
18:13 Bow Saw
17:38 Man-at-Arms
18:18 Squires
18:04 Arson
17:39 Pikeman
18:33 Heavy Plow
28:58 Imperial Age
27:23 Gold Shaft Mining
26:51 Scale Mail Armor
27:01 Forging
26:35 Long Swordsman
28:43 Chain Mail Armor
29:03 Iron Casting
28:19 Fletching
29:16 Two-Handed Swordsman
30:44 Plate Mail Armor
30:44 Champion
33:45 Fletching
43:09 Husbandry
43:21 Bloodlines
42:33 Cavalier
42:34 Heavy Camel Rider
42:34 Light Cavalry
44:21 Hand Cart
43:51 Town Watch
43:52 Loom
44:18 Scale Barding Armor
44:15 Padded Archer Armor
44:10 Bodkin Arrow
44:22 Farimba
44:23 Tigui
44:43 Conscription
43:54 Sappers
44:59 Hoardings
43:45 Elite Gbeto
46:52 Town Patrol
alexmavrovic
7:09 Loom
9:54 Feudal Age
11:06 Loom
11:35 Loom
15:09 Castle Age
28:53 Wheelbarrow
32:39 Imperial Age
30:09 Horse Collar
30:27 Double-Bit Axe
31:32 Fletching
31:38 Gold Mining
31:52 Stronghold
33:49 Bodkin Arrow
35:06 Masonry
37:09 Hand Cart
41:23 Gold Shaft Mining
42:59 Bow Saw
42:51 Heavy Plow
42:42 Stone Mining
42:35 Onager
44:59 Siege Engineers
45:19 Furor Celtica
44:50 Siege Onager
46:09 Conscription
47:44 Town Watch
dinosah
0:33 Loom
12:05 Feudal Age
18:21 Castle Age
17:00 Double-Bit Axe
16:58 Horse Collar
17:28 Stone Mining
22:16 Bow Saw
24:26 Wheelbarrow
25:28 Fletching
26:15 Heavy Plow
26:06 Arson
25:55 Elite Skirmisher
28:29 Hand Cart
28:22 Gold Mining
31:50 Imperial Age
29:38 Pikeman
30:19 Squires
30:47 Thumb Ring
31:03 Town Watch
31:04 Crossbowman
31:52 Padded Archer Armor
31:47 Bodkin Arrow
32:02 Forging
32:31 Ballistics
32:07 Murder Holes
31:52 Treadmill Crane
32:21 Scale Mail Armor
33:29 Leather Archer Armor
34:52 Chemistry
33:16 Arbalester
34:46 Bracer
35:22 Iron Casting
36:28 Husbandry
36:38 Bloodlines
37:04 Ring Archer Armor
36:40 Scale Barding Armor
36:59 Fortified Wall
36:56 Siege Engineers
37:01 Masonry
36:19 Cavalier
36:22 Light Cavalry
45:20 Imperial Skirmisher
baha
10:22 Feudal Age
13:06 Loom
15:56 Castle Age
14:13 Double-Bit Axe
24:07 Horse Collar
29:55 Imperial Age
32:33 Conscription
35:03 Scale Barding Armor
40:03 Chain Barding Armor
44:01 Scale Mail Armor
44:45 Wheelbarrow
44:29 Squires
44:15 Arson
43:51 Elite Varangian Guard
44:17 Gambesons
45:17 Chain Mail Armor
Connection lost

Rejoining the realm…

Still unreachable

The connection could not be restored.

Session expired

The server has moved on; the page needs a fresh start.